 Dungeon Crawl Stone Soup version 0.29.1-15-g9cfb28693d (webtiles) character file.

Game seed: 16452951990045514869

31 Sanktem7 the Trooper (level 3, -6/33 HPs)
             Began as a Minotaur Fighter on Mar 13, 2023.
             Mangled by a gnoll
             ... wielding a +0 flail
              (9 damage)
             ... on level 2 of the Dungeon.
             The game lasted 00:00:53 (1143 turns).

Sanktem7 the Trooper (Minotaur Fighter)             Turns: 1143, Time: 00:00:53

Health: -6/33      AC:  7    Str: 22    XL:     3   Next: 7%
Magic:  2/2        EV:  9    Int:  5    God:
Gold:   33         SH:  4    Dex:  9    Spells: 2/2 levels left

rFire   . . .      SeeInvis .   a - +0 war axe {axe}
rCold   . . .      Faith    .   c - +0 buckler
rNeg    . . .      Spirit   .   b - +0 scale mail
rPois   .          Reflect  .   (helmet restricted)
rElec   .          Harm     .   (no cloak)
rCorr   .          Rampage  .   (no gloves)
Will    .....                   (no boots)
Stlth   ..........              (no amulet)
HPRegen 0.11/turn               (no ring)
MPRegen 0.08/turn               (no ring)

@: no status effects
A: horns 2, retaliatory headbutt
a: no special abilities


You were on level 2 of the Dungeon.
You visited 1 branch of the dungeon, and saw 2 of its levels.

You collected 33 gold pieces.


Innate Abilities, Weirdness & Mutations

You have a pair of horns on your head.
You reflexively headbutt those who attack you in melee.


   Skills:
 + Level 4.0 Fighting
 * Level 3.3 Axes
 + Level 4.0 Armour
 + Level 4.0 Shields


You had 2 spell levels left.
You didn't know any spells.
Your spell library contained the following spells:

 Spells                   Type           Power      Damage    Failure   Level
 Summon Small Mammal      Summ           0%         N/A       87%         1
 Call Canine Familiar     Summ           0%         N/A       99%         3
 Summon Guardian Golem    Hex/Summ       0%         N/A       99%         3

Inventory:

Hand Weapons
 a - a +0 war axe (weapon) {axe}
Missiles
 e - 24 stones (quivered) {throwing}
Armour
 b - a +0 scale mail (worn)
 c - a +0 buckler (worn)
Scrolls
 g - a scroll of fog {unknown}
Potions
 d - a potion of might
 f - a potion of magic {unknown}
 h - a potion of curing {unknown}
 i - a potion of brilliance {unknown}

Dungeon Overview and Level Annotations

Branches:
Dungeon (2/15) Zot: 10825

Altars:

..... ......
...... ...... ..
##.###...... #.
#..#.$g..... .
#.. #.##gā€
......
#.#..##.#.@g#..#
.......().....#
#..#....)####
##.........#
#...#<#####.....
.... #.# ##..?
>.. #.# .# #.# #
#.#


You could see 3 gnolls.


Message History

Done exploring.
Done exploring.
You enter the shallow water.
Moving in this stuff is going to be slow.
You enter the shallow water.
Moving in this stuff is going to be slow.
You enter the shallow water.
Moving in this stuff is going to be slow.
You enter the shallow water.
Moving in this stuff is going to be slow.
You enter the shallow water.
Moving in this stuff is going to be slow.
There is a stone staircase leading down here.
You climb downwards.
The goblin shouts!
You hear a shout!
There is a stone staircase leading up here.
A goblin is nearby!
A goblin is nearby!
Found a stone staircase leading down.
The goblin unwields a +0 dagger.
The goblin wields a +0 sling.
The goblin shoots a sling bullet.
The sling bullet hits you but does no damage.
An endoplasm comes into view.
The endoplasm quivers.
You barely miss the goblin.
The goblin unwields a +0 sling.
The goblin wields a +0 dagger.
The goblin hits you but does no damage. x2
You closely miss the goblin.
A gnoll comes into view. It is wielding a +0 vorpal flail.
You block the goblin's attack.
You barely miss the goblin. The goblin barely misses you.
You furiously retaliate!
You headbutt the goblin!
You kill the goblin!
The endoplasm hits you. šŸ˜• HP[-3]
You take 3 damage, and now have 24/27 hp.
You slash the endoplasm!
You kill the endoplasm!
A jackal comes into view.
The jackal barks!
You hear a shout!
A jackal comes into view. x2
The jackal moves out of view.
You hear a shout!
You closely miss the gnoll.
The jackal barks!
You headbutt the gnoll!
A gnoll comes into view. It is wielding a +0 flail.
The gnoll barely misses you.
You closely miss the gnoll. You headbutt the gnoll.
You kill the gnoll!
A gnoll comes into view. It is wielding a +0 spear.
A gnoll comes into view. It is wielding a +0 whip.
Your Fighting skill increases to level 4!
You have reached level 3!
Your experience leads to an increase in your attributes!
Increase (S)trength, (I)ntelligence, or (D)exterity?
You feel stronger. x2 šŸ˜• HP[+6] MP[+1]
You now have 33 max hp (+6).
You regained 6 hp, and now have 30/33 hp.
Your mp is fully restored (2).
The jackal bites you. šŸ˜• HP[-2]
You take 2 damage, and now have 28/33 hp.
You hit the gnoll. You barely miss the jackal. You block the jackal's attack.
The gnoll barely misses you. The gnoll hits you with a +0 flail.
The jackal barely misses you. You furiously retaliate!
You headbutt the jackal, but do no damage.
You block the jackal's attack. šŸ˜® HP[-4]
You take 4 damage, and now have 24/33 hp.
You are too injured to fight recklessly!
You are too injured to fight recklessly!
You are too injured to fight recklessly!
You are too injured to fight recklessly!
You are too injured to fight recklessly!
You are too injured to fight recklessly!
You are too injured to fight recklessly!
You are too injured to fight recklessly!
You slash the gnoll! You slash the jackal!
You kill the jackal!
You hit the jackal.
You kill the jackal!
The gnoll hits you with a +0 flail.
The gnoll hits you from afar with a +0 spear.
Your Armour skill increases to level 4!
Your Shields skill increases to level 4! šŸ˜® HP[-5]
You take 5 damage, and now have 19/33 hp.
You barely miss the gnoll. The gnoll hits you but does no damage.
The gnoll hits you with a +0 flail.
* * * LOW HITPOINT WARNING * * *
The gnoll hits you from afar with a +0 spear.
* * * LOW HITPOINT WARNING * * *
The gnoll hits you with a +0 flail.
* * * LOW HITPOINT WARNING * * *
šŸ˜± HP[-16]
You take 16 damage, and now have 3/33 hp.
MASSIVE DAMAGE!! (PAUSE)
You closely miss the gnoll. You barely miss the gnoll.
The gnoll hits you with a +0 flail!
You die...

Skill      XL: |  1  2  3 |
---------------+----------+-----
Axes           | 3 |  3.3
Fighting       | 4 |  4.0
Armour         | 4 |  4.0
Shields        | 4 |  4.0

Action                   || total
-------------------------++-------
Melee: War axe           ||    44
       Headbutt          ||     5
Armor: Scale mail        ||    17
Dodge: Dodged            ||    19
Block: Buckler           ||    11

Levels and vault maps discovered:
D:1:      dpeg_arrival_snail, layout_basic, serial_bayou_crossing
D:2:      layout_rooms, basic_altar, nicolae_hexahallways,
          minmay_indecisive_spiral

Notes
Turn   | Place    | Note
-------+----------+-------------------------------------------
     0 | D:1      | Sanktem7 the Minotaur Fighter began the quest for the Orb.
     0 | D:1      | Reached XP level 1. HP: 19/19 MP: 0/0
     0 | D:1      | magus.rc [v1.9.6]
   230 | D:1      | You pick up a book of Callings and begin reading...
   230 | D:1      | You add the spells Summon Small Mammal, Call Canine
                  | Familiar and Summon Guardian Golem to your library.
   481 | D:1      | Reached XP level 2. HP: 27/27 MP: 1/1
   725 | D:1      | Reached skill level 3 in Axes
  1139 | D:2      | Reached skill level 4 in Fighting
  1139 | D:2      | Reached XP level 3. HP: 30/33 MP: 2/2
  1142 | D:2      | Reached skill level 4 in Armour
  1142 | D:2      | Reached skill level 4 in Shields
  1142 | D:2      | HP: 3/33 [gnoll/+0 flail (6)]
  1143 | D:2      | Mangled by a gnoll

Vanquished Creatures
  A gnoll (D:2)
  An endoplasm (D:2)
  2 giant cockroaches (D:1)
  4 goblins
  3 hobgoblins (D:1)
  2 jackals (D:2)
  2 kobolds (D:1)
  A bat (D:1)
  A frilled lizard (D:1)
  2 rats (D:1)
19 creatures vanquished.

Table legend:
 A = Non-vault XP
 B = Vault XP
 C = Vault XP percentage of total XP
 D = Non-vault monster count
 E = Vault monster count
 F = Vault count percentage of total count
                 A         B        C        D         E       F
            +---------+---------+-------+---------+---------+-------
      Total |      45 |       0 |   0.0 |      19 |       0 |   0.0
            +---------+---------+-------+---------+---------+-------
        D:1 |      23 |       0 |   0.0 |      14 |       0 |   0.0
        D:2 |      22 |       0 |   0.0 |       5 |       0 |   0.0
            +---------+---------+-------+---------+---------+-------

Illustrated notes

Table legend:
 A = Kills in this place as a percentage of kills in entire the game.
 B = Kills by you in this place as a percentage of kills by you in the entire game.
 C = Kills by friends in this place as a percentage of kills by friends in the entire game.
 D = Other kills in this place as a percentage of other kills in the entire game.
 E = Experience gained in this place as a percentage of experience gained in the entire game.
 F = Experience gained in this place divided by the number of levels of this place that you have seen.
                   A       B       C       D       E      F
               +-------+-------+-------+-------+-------+----------------------
         Total | 100.0 | 100.0 |   N/A |   N/A | 100.0 |  22.5
       Dungeon | 100.0 | 100.0 |   N/A |   N/A | 100.0 |  22.5
               +-------+-------+-------+-------+-------+----------------------

Table legend: (Time is in decaauts)
 A = Elapsed time spent in this place.
 B = Non-inter-level travel time spent in this place.
 C = Inter-level travel time spent in this place.
 D = Time resting spent in this place.
 E = Time spent auto-exploring this place.
 F = Levels seen in this place.
 G = Mean time per level.
                   A        B        C        D        E       F      G
               +--------+--------+--------+--------+--------+-----+--------+
         Total |   1173 |   1115 |     58 |      0 |    998 |   2 |  586.5 |
       Dungeon |   1173 |   1115 |     58 |      0 |    998 |   2 |  586.5 |
               +--------+--------+--------+--------+--------+-----+--------+

Top non-repeatable levels by time:
     D:1: 1155 daAuts
     D:2: 18 daAuts
